 Dungeon Crawl Stone Soup version 0.29.0-13-gc9e81de378 (webtiles) character file.

Game seed: 889150938161284111

91 Artool the Ducker (level 4, 0/34 HPs)
             Began as a Demonspawn Gladiator on Sept 7, 2022.
             Succumbed to an adder's poison
             ... on level 3 of the Dungeon.
             The game lasted 00:05:25 (2877 turns).

Artool the Ducker (Demonspawn Gladiator)            Turns: 2877, Time: 00:05:25

Health: 0/34       AC:  3    Str: 16    XL:     4   Next: 34%
Magic:  4/4        EV: 12    Int: 10    God:
Gold:   136        SH:  0    Dex: 14    Spells: 3/3 levels left

rFire   . . .      SeeInvis .   f - +0 whip
rCold   . . .      Faith    .   (no shield)
rNeg    . . .      Spirit   .   b - +0 leather armour
rPois   .          Reflect  .   (helmet restricted)
rElec   .          Harm     .   g - scarf {+Inv}
rCorr   .          Rampage  .   (no gloves)
Will    .....                   (no boots)
Stlth   +.........              (no amulet)
HPRegen 0.11/turn               (no ring)
MPRegen 0.09/turn               (no ring)

@: lethally poisoned (0 -> -2)
A: antennae 1, foul stench 1
a: Evoke Invisibility


You were on level 3 of the Dungeon.
You visited 1 branch of the dungeon, and saw 3 of its levels.

You collected 136 gold pieces.

Inventory:

Hand Weapons
 a - a +0 flail
 f - a +0 whip (weapon)
Missiles
 d - 3 throwing nets (quivered)
 e - a javelin
Armour
 b - a +0 leather armour (worn)
 c - a +0 helmet
 g - a scarf of invisibility (worn)
Wands
 s - a wand of paralysis (12)
Scrolls
 i - a scroll of blinking {unknown}
 j - 2 scrolls of identify {unknown}
 k - a scroll of magic mapping {unknown}
 m - a scroll of amnesia {unknown}
 o - a scroll of torment {unknown}
 p - a scroll of brand weapon {unknown}
 r - a scroll of fear {unknown}
 t - a scroll of enchant weapon {unknown}
Potions
 h - a potion of lignification {unknown}
 l - a potion of might {unknown}
 n - a potion of heal wounds {unknown}
 q - 2 potions of curing


   Skills:
 + Level 2.7 Fighting
 + Level 3.2 Maces & Flails
 - Level 2.0 Throwing
 + Level 1.5 Armour
 + Level 3.3 Dodging


You had 3 spell levels left.
You didn't know any spells.
Your spell library contained the following spells:

 Spells                   Type           Power      Damage    Failure   Level
 Summon Forest            Summ/Tloc      0%         N/A       100%        5
 Summon Mana Viper        Hex/Summ       0%         N/A       100%        5
 Summon Cactus Giant      Summ           0%         N/A       100%        6


Dungeon Overview and Level Annotations

Branches:
Dungeon (3/15)

Altars:


Innate Abilities, Weirdness & Mutations

You have a pair of small antennae on your head.
You may rarely emit foul miasma when damaged in melee.


Message History

You hit the kobold but do no damage. The adder bites you.
The kobold hits you but does no damage. The adder closely misses you.
You hit the kobold but do no damage. The adder bites you.
The kobold barely misses you.
You hit the kobold.
You kill the kobold!
The adder closely misses you. The adder bites you but does no damage.
Things that are here:
a +0 short sword; a scroll labelled MEASAERUKUB You miss the adder.
The adder bites you. The adder misses you.
You hit the adder.
The adder is moderately wounded.
The adder bites you.
You are poisoned.
The adder poisons you!
You hit the adder.
The adder is almost dead.
You feel sick. The adder bites you.
* * * LOW HITPOINT WARNING * * *
You completely miss the adder.
The adder is almost dead.
The adder bites you but does no damage.
You closely miss the adder.
The adder is almost dead.
You feel sick. The adder bites you.
* * * LOW HITPOINT WARNING * * *
You are lethally poisoned!
The adder poisons you!
You hit the adder.
You kill the adder!
* * * LOW HITPOINT WARNING * * *
You feel sick.
* * * LOW HITPOINT WARNING * * *
You feel sick.
* * * LOW HITPOINT WARNING * * *
You feel sick.
* * * LOW HITPOINT WARNING * * *
You feel sick.
You die...

#..##†# #..........#####
##..#.# #.......##.....†
###.....##
#....<#........#
#...#....#
#.....######....
#.#############..# #...#
#.#8###8###8###..# #..###
#.......†.)..##... ....#
#............8#..........
#.........@..## ......
###8###8##...# ###
####...# #8...⌠# ##...##
#...# #...# 8...8


There were no monsters in sight!

Vanquished Creatures
  5 adders
  2 dart slugs
  2 ball pythons
  5 endoplasms
  A giant cockroach (D:2)
  3 hobgoblins
  2 jackals (D:1)
  2 kobolds
  2 quokkas (D:1)
  5 bats
  4 frilled lizards
  4 goblins
  8 rats
45 creatures vanquished.

Notes
Turn   | Place    | Note
-------+----------+-------------------------------------------
     0 | D:1      | Artool the Demonspawn Gladiator began the quest for the
                  | Orb.
     0 | D:1      | Reached XP level 1. HP: 16/16 MP: 1/1
   328 | D:1      | Found Erchamirph's Jewellery Boutique.
   456 | D:1      | Gained mutation: You may rarely emit foul miasma when
                  | damaged in melee. [demonic ancestry]
   456 | D:1      | Reached XP level 2. HP: 21/22 MP: 2/2
  1487 | D:2      | Discovered your monstrous ancestry.
  1487 | D:2      | Gained mutation: You have a pair of small antennae on your
                  | head. [demonic ancestry]
  1487 | D:2      | Reached XP level 3. HP: 28/28 MP: 3/3
  1507 | D:2      | Reached skill level 1 in Armour
  2256 | D:2      | Reached XP level 4. HP: 25/34 MP: 4/4
  2876 | D:3      | HP: 1/34 [poisoned by an adder]
  2877 | D:3      | Succumbed to an adder's poison

Illustrated notes

Levels and vault maps discovered:
D:1:      moated_graveyard_arrival, layout_loops_corners, serial_shops, shop
D:2:      layout_basic
D:3:      layout_rooms, serial_corexii_hall, corexii_hall_statues_l,
          chequers_hall_statues_y, chequers_hall_statues_wall_a,
          chequers_hall_statues_y, nicolae_ecumenical_snake_handling,
          kennysheep_generic_room_10

Skill      XL: |  1  2  3 |
---------------+----------+-----
Throwing       | 2 |  2.0
Dodging        | 3 |  3.3
Maces & Flails | 3 |  3.2
Armour         | 1 |  1.5
Fighting       | |  2.7

Action                   |  1- 3 |  4- 6 || total
-------------------------+-------+-------++-------
Melee: Flail             |    10 |       ||    10
       Whip              |   131 |    37 ||   168
       Punch             |     3 |       ||     3
  Use: Potion            |     1 |       ||     1
 Stab: Sleeping          |     2 |       ||     2
Armor: Leather armour    |    39 |    11 ||    50
Dodge: Dodged            |    93 |    31 ||   124
